Map: [ESL] Inside and Out

Players

Zoun - Winner!

  • Race: Protoss Protoss
  • Spawn Location: 1:00

Serral

  • Race: Zerg Zerg
  • Spawn Location: 7:00

Event: HomeStory Cup XXII

VOD

Have the link to the VOD?

Description

Time

  • Played on: Dec. 18, 2022, 8:46 a.m.
  • Length: 11:18

All games in this series

Show
View Real Time Build Order
Export as new Build Order

Zoun Protoss - Winner!

Build Orders: 1 Gate Expand 

Get SALT Encoding   

  12  0:00  Probe  
  13  0:12  Probe  
  14  0:19  Pylon  
  14  0:24  Probe  
  15  0:37  Probe (Chrono Boost)  
  15  0:39  Gateway  
  16  0:46  Probe (Chrono Boost)  
  17  0:50  Assimilator  
  17  0:51  Probe (Chrono Boost)  
  18  1:03  Probe  
  19  1:15  Probe  
  20  1:29  Cybernetics Core  
  20  1:35  Nexus  
  22  1:49  Pylon  
  22  1:50  Probe  
  23  1:59  Assimilator  
  23  2:03  Probe  
  23  2:04  Adept (Chrono Boost)  
  23  2:08  Warp Gate  
  24  2:15  Probe  
  25  2:24  Adept (Chrono Boost)  
  25  2:27  Probe  
  28  2:31  Pylon  
  28  2:40  Probe (Chrono Boost)  
  28  2:43  Stargate  
  29  2:48  Probe (Chrono Boost)  
  30  2:57  Probe x2 (Chrono Boost)  
  32  3:02  Probe (Chrono Boost)  
  32  3:03  Probe  
  33  3:12  Adept  
  35  3:14  Probe  
  35  3:15  Probe  
  37  3:25  Gateway  
  41  3:29  Probe x2  
  41  3:30  Void Ray (Chrono Boost)  
  43  3:37  Twilight Council  
  43  3:41  Probe x2  
  45  3:53  Pylon  
  45  3:54  Probe x2  
  47  3:57  Gateway  
  47  4:00  Gateway  
  47  4:06  Adept, Resonating Glaives (Chrono Boost), Probe  
  47  4:09  Probe  
  51  4:18  Probe  
  51  4:21  Adept  
  54  4:24  Probe  
  54  4:28  Adept  
  54  4:30  Probe  
  58  4:37  Nexus  
  58  4:41  Pylon  
  58  4:44  Adept  
  60  4:49  Assimilator  
  60  4:50  Pylon  
  60  4:51  Assimilator  
  60  4:58  Probe x2, Pylon  
  62  5:07  Adept x3  
  62  5:09  Adept  
  70  5:14  Shield Battery  
  70  5:20  Probe x2  
  72  5:24  Robotics Facility  
  72  5:25  Forge  
  72  5:32  Probe  
  73  5:41  Probe  
  74  5:44  Probe  
  74  5:49  Blink  
  69  5:50  Adept x4  
  69  5:51  Probe  
  69  5:55  Protoss Ground Weapons Level 1 (Chrono Boost)  
  74  5:57  Probe x2  
  74  6:03  Probe  
  77  6:11  Immortal (Chrono Boost)  
  77  6:13  Robotics Bay  
  77  6:15  Shield Battery  
  77  6:17  Probe x2  
  83  6:21  Probe (Chrono Boost)  
  83  6:22  Shield Battery  
  84  6:29  Probe (Chrono Boost)  
  87  6:33  Probe (Chrono Boost)  
  87  6:34  Probe (Chrono Boost)  
  87  6:35  Pylon  
  87  6:39  Probe (Chrono Boost)  
  88  6:40  Sentry x2  
  88  6:43  Observer (Chrono Boost), Probe (Chrono Boost)  
  88  6:45  Probe x2  
  96  6:49  Assimilator  
  96  6:50  Assimilator  
  96  6:51  Stalker x2  
  100  6:55  Probe  
  100  7:00  Gateway  
  101  7:01  Disruptor (Chrono Boost)  
  101  7:03  Gateway  
  101  7:04  Gateway  
  101  7:08  Probe x3  
  107  7:13  Pylon x2  
  107  7:26  Nexus  
  107  7:27  Pylon  
  107  7:29  Disruptor (Chrono Boost)  
  107  7:31  Observer  
  107  7:36  Sentry x2, Stalker x2  
  118  7:40  Gateway  
  118  7:44  Photon Cannon  
  118  7:46  Shield Battery  
  118  7:48  Photon Cannon  
  118  7:57  Warp Prism (Chrono Boost)  
  121  8:02  Stalker x4  
  128  8:07  Pylon  
  128  8:09  Pylon  
  128  8:14  Stalker x2  
  128  8:16  Observer  
  128  8:17  Photon Cannon  
  128  8:19  Pylon  
  132  8:31  Stalker x4  
  132  8:32  Stalker  
  142  8:35  Sentry  
  144  8:42  Stalker x2  
  144  8:46  Photon Cannon  
  148  8:54  Phoenix (Chrono Boost)  
  150  9:01  Stalker x5  
  160  9:08  Stalker x2  
  164  9:14  Observer  
  164  9:15  Stalker  
  163  9:25  Stalker x4  
  163  9:26  Stalker  
  156  9:34  Stalker x2  
  154  9:41  Stalker  
  156  9:51  Stalker x2  
  156  9:52  Stalker x2  
  150  10:02  Stalker x3  
  148  10:13  Stalker x2  
  148  10:14  Stalker x2  
  152  10:17  Stalker x3  
  140  10:24  Adept  
  134  10:39  Stalker x2  
  134  10:40  Stalker x6  
  134  10:41  Disruptor  
  129  11:01  Stalker x6  
  131  11:06  Stalker x2  
Show
View Real Time Build Order
Export as new Build Order

Serral Zerg 

Build Orders: Pool First 

Get SALT Encoding   

  12  0:00  Drone  
  13  0:12  Overlord  
  13  0:16  Drone  
  14  0:30  Drone x2  
  14  0:34  Drone  
  17  0:43  Spawning Pool  
  16  1:04  Hatchery  
  16  1:08  Drone  
  16  1:10  Drone  
  17  1:22  Extractor  
  16  1:29  Queen  
  16  1:30  Zergling x2  
  16  1:31  Drone  
  20  1:34  Drone  
  21  1:41  Overlord  
  21  1:53  Drone  
  22  2:02  Zergling x2  
  22  2:05  Queen  
  25  2:13  Drone  
  26  2:16  Drone  
  27  2:24  Drone  
  27  2:25  Metabolic Boost  
  27  2:28  Drone  
  29  2:34  Queen  
  31  2:39  Overlord  
  31  2:41  Drone x3  
  33  2:45  Drone  
  35  2:51  Drone  
  35  2:55  Overlord  
  35  2:58  Spore Crawler  
  35  3:01  Spore Crawler  
  33  3:06  Drone  
  36  3:14  Hatchery  
  36  3:18  Drone  
  35  3:25  Drone  
  35  3:26  Drone x3  
  39  3:32  Queen  
  41  3:34  Drone  
  41  3:35  Drone  
  41  3:41  Queen  
  43  3:45  Overlord  
  43  3:47  Drone  
  47  3:48  Drone  
  47  3:50  Drone  
  47  3:54  Drone x3  
  51  3:58  Overlord  
  51  4:01  Overlord  
  51  4:07  Zergling x4  
  54  4:17  Zergling x4  
  54  4:18  Drone  
  54  4:19  Queen  
  54  4:21  Spore Crawler  
  54  4:22  Zergling x2  
  54  4:23  Spore Crawler, Drone  
  54  4:24  Drone  
  59  4:27  Drone x2  
  59  4:30  Drone x2  
  63  4:33  Zergling x2  
  63  4:37  Roach Warren  
  63  4:38  Drone  
  63  4:40  Drone  
  63  4:41  Drone  
  65  4:47  Zergling x2, Overlord  
  65  4:49  Drone x3  
  65  4:51  Zergling x2  
  69  4:55  Lair  
  69  4:58  Extractor x2  
  67  5:01  Zergling x2  
  67  5:04  Drone  
  67  5:05  Drone x2  
  67  5:06  Drone x2  
  73  5:10  Spore Crawler  
  72  5:16  Drone  
  72  5:19  Roach  
  72  5:20  Roach  
  76  5:22  Roach x2  
  82  5:28  Roach  
  82  5:31  Evolution Chamber x2  
  82  5:33  Evolution Chamber  
  82  5:34  Evolution Chamber  
  81  5:35  Roach  
  81  5:36  Overlord  
  81  5:37  Overlord x2  
  81  5:42  Overlord  
  79  5:45  Roach  
  79  5:46  Evolution Chamber  
  78  5:50  Roach x3  
  78  5:55  Drone x8  
  89  6:01  Roach  
  89  6:02  Zerg Missile Weapons Level 1, Roach  
  92  6:06  Drone  
  92  6:07  Drone  
  92  6:10  Zerg Melee Weapons Level 1  
  92  6:11  Extractor  
  93  6:15  Drone x2  
  95  6:22  Glial Reconstitution  
  95  6:23  Drone x3  
  95  6:25  Hatchery  
  97  6:28  Overseer  
  97  6:30  Zergling x2, Extractor  
  97  6:31  Extractor  
  96  6:33  Zergling x2  
  96  6:34  Drone  
  96  6:36  Drone  
  96  6:37  Drone x2  
  96  6:39  Overlord  
  101  6:41  Drone x3  
  101  6:46  Drone x2  
  106  6:50  Baneling Nest  
  106  6:51  Zergling x6  
  108  6:58  Zergling x6  
  108  7:00  Spire  
  110  7:01  Overlord  
  110  7:05  Overlord  
  110  7:06  Overlord  
  110  7:08  Zergling x4  
  110  7:09  Zergling x6  
  110  7:13  Overlord  
  114  7:23  Drone x5  
  114  7:29  Drone  
  119  7:33  Drone x3  
  119  7:34  Drone  
  119  7:35  Drone  
  119  7:37  Centrifugal Hooks  
  124  7:40  Drone x5  
  124  7:43  Overseer  
  129  7:44  Overlord  
  129  7:46  Extractor  
  129  7:48  Extractor  
  129  7:49  Zergling x10  
  132  7:54  Zergling x4  
  132  7:57  Spore Crawler  
  133  8:02  Overlord  
  133  8:03  Drone  
  135  8:11  Mutalisk  
  135  8:12  Mutalisk x9  
  155  8:13  Roach x2  
  155  8:16  Zerg Melee Weapons Level 2  
  155  8:17  Zergling x2  
  155  8:18  Zergling x8  
  160  8:20  Overlord  
  160  8:24  Zerg Missile Weapons Level 2  
  159  8:28  Drone x2  
  159  8:29  Drone x3  
  159  8:31  Ravager  
  159  8:32  Ravager  
  159  8:33  Baneling x8  
  164  8:38  Hatchery  
  164  8:40  Zergling x12  
  169  8:46  Zergling x12  
  175  8:49  Baneling x3  
  175  8:50  Baneling x5  
  173  8:58  Zergling x6  
  175  9:04  Baneling x8  
  175  9:07  Overlord  
  175  9:08  Overlord x4  
  173  9:10  Overlord  
  173  9:16  Zergling x20  
  174  9:22  Zergling x12  
  170  9:29  Zergling x2  
  170  9:31  Ravager x9  
  162  9:34  Zergling x12  
  162  9:35  Zergling x2  
  161  9:41  Zergling x2  
  161  9:44  Zergling x8  
  163  9:51  Baneling x11  
  163  9:52  Baneling  
  156  9:55  Zergling x2  
  156  9:56  Zergling x6  
  151  10:00  Zergling x10  
  151  10:02  Queen  
  151  10:03  Zergling x4  
  155  10:08  Zergling x6  
  155  10:14  Zergling x12  
  158  10:20  Zergling x2  
  143  10:23  Baneling x9  
  143  10:26  Zergling x12  
  146  10:28  Zergling x6  
  146  10:30  Baneling x4  
  146  10:35  Roach x3  
  143  10:39  Roach  
  142  10:43  Zergling x8  
  142  10:45  Zergling x2  
  142  10:48  Zergling x2  
  142  10:49  Zergling x2  
  131  10:51  Zergling x2  
  131  10:52  Zergling x6  
  131  10:53  Baneling x2  
  131  10:54  Baneling  
  126  10:58  Zergling x6  
Tags
 
Add a new tag
Caveats
  • Supply blocks, unpowered buildings, or Contaminate may cause inaccurate times.
  • Supply counts are checked every 10 seconds.